 Dungeon Crawl Stone Soup version 0.21.1-1-g345015f (webtiles) character file.

77 orangegarage the Chopper (level 4, 0/33 HPs)
             Began as a Demonspawn Gladiator on Mar 8, 2018.
             Slain by a jackal (1 damage)
             ... on level 4 of the Dungeon.
             The game lasted 00:26:10 (2146 turns).

orangegarage the Chopper (Demonspawn Gladiator)     Turns: 2146, Time: 00:26:13

Health: 0/33       AC:  8    Str: 20    XL:     4   Next: 14%
Magic:  4/4        EV: 12    Int: 10    God:
Gold:   126        SH:  0    Dex: 14    Spells: 3/3 levels left

rFire    . . .     SeeInvis .   b - +2 short sword (drain)
rCold    + . .     Gourm    .   (no shield)
rNeg     . . .     Faith    .   j - +0 ring mail
rPois    .         Spirit   .   (helmet restricted)
rElec    .         Reflect  .   (no cloak)
rCorr    .         Harm     .   (no gloves)
MR       .....                  (no boots)
Stlth    +.........             h - amulet of regeneration {Jin}
HPRegen  0.51/turn              k - +3 ring of protection
MPRegen  0.09/turn              c - ring of protection from cold

@: mighty
A: antennae 2
a: no special abilities


You were on level 4 of the Dungeon.
You were hungry.

You visited 1 branch of the dungeon, and saw 4 of its levels.

You collected 126 gold pieces.

Inventory:

Hand Weapons
 a - a +0 war axe
 b - a +2 short sword of draining (weapon)
 l - a +0 dagger of electrocution
 r - a +1 mace of protection
 u - a +0 antimagic mace
Missiles
 d - 3 throwing nets (quivered)
 v - 23 arrows
Armour
 j - a +0 ring mail (worn)
Jewellery
 c - a ring of protection from cold (right hand)
 h - an amulet of regeneration (around neck) {Jin}
 k - a +3 ring of protection (left hand)
Scrolls
 n - 2 scrolls of teleportation
 o - 3 scrolls of remove curse
Potions
 e - 2 potions of mutation {unknown}
 g - a potion of agility {unknown}
 m - 2 potions of flight {unknown}
 p - 2 potions of heal wounds
 q - a potion of lignification {unknown}
 s - a potion of cancellation {unknown}
 t - 2 potions of curing
Comestibles
 f - 6 rations


   Skills:
 + Level 2.1 Fighting
 + Level 3.5 Axes
 + Level 0.2(2.1) Maces & Flails
 + Level 1.9 Throwing
 + Level 0.7 Armour
 + Level 3.5 Dodging
 + Level 0.1 Stealth


You had 3 spell levels left.
You didn't know any spells.

Dungeon Overview and Level Annotations

Branches:
Dungeon (4/15)
 Temple: D:4-7

Altars:
Ashenzari

Annotations:
D:3 filthincarnate's ghost, amateur GnWr
D:4 Dowan; Duvessa


Innate Abilities, Weirdness & Mutations

You have a pair of antennae on your head.


Message History

* * * LOW HITPOINT WARNING * * *
Duvessa hits you with a rapier.
* * * LOW HITPOINT WARNING * * *
Dowan hits you but does no damage.
You hit Duvessa.
Duvessa is severely wounded.
The quokka closely misses you.
The jackal bites you but does no damage.
Duvessa hits you with a rapier.
* * * LOW HITPOINT WARNING * * *
The jackal barely misses you. Dowan hits you but does no damage.
The quokka barely misses you.
It was a potion of might.
You feel very mighty all of a sudden.
The jackal bites you but does no damage.
Duvessa says, "When magic and the sword combine, nothing stands against them."
Duvessa hits you with a rapier.
* * * LOW HITPOINT WARNING * * *
The jackal misses you. The quokka closely misses you. The jackal bites you.
You die...

##############
......#....#.#
......#......#
.............
...........#{
.........#.#
#..<..#
.######eer#.#
.......h@.# #
.######.h##
............#
.#######.#..#
!.#..# ... .#
......# .....
# ....


You could see Duvessa, Dowan, a quokka and 2 jackals.

Vanquished Creatures
  An adder (D:3)
  2 worms
  A dart slug (D:1)
  An orc (D:4)
  A ball python (D:2)
  4 bats
  4 giant cockroaches
  5 goblins
  5 hobgoblins
  9 jackals
  2 frilled lizards
  10 kobolds
  A leopard gecko skeleton (D:2)
  6 rats
52 creatures vanquished.

Notes
Turn   | Place    | Note
-------+----------+-------------------------------------------
     0 | D:1      | orangegarage the Demonspawn Gladiator began the quest for the Orb.
     0 | D:1      | Reached XP level 1. HP: 16/16 MP: 1/1
   295 | D:2      | Gained mutation: You have a pair of small antennae on your head. [demonic ancestry]
   295 | D:2      | Reached XP level 2. HP: 22/22 MP: 2/2
   646 | D:2      | Found a shattered altar of Ashenzari.
   860 | D:3      | Reached XP level 3. HP: 27/27 MP: 3/3
   924 | D:3      | Noticed filthincarnate's ghost (amateur GnWr)
  1963 | D:1      | Gained mutation: You have a pair of antennae on your head. [demonic ancestry]
  1963 | D:1      | Reached XP level 4. HP: 33/33 MP: 4/4
  2118 | D:4      | Noticed Dowan
  2127 | D:4      | Noticed Duvessa
  2146 | D:4      | HP: 1/33 [Duvessa/rapier (2)]
  2146 | D:4      | Slain by a jackal

Skill      XL: |  1  2 |
---------------+-------+-----
Dodging        | 3 |  3.5
Axes           | 3 |  3.5
Fighting       | |  2.1
Maces & Flails | |  0.2
Throwing       | |  1.9
Armour         | |  0.7
Stealth        | |  0.1

Action                   |  1- 3 |  4- 6 || total
-------------------------+-------+-------++-------
Melee: War axe           |    92 |       ||    92
       Mace              |    40 |     1 ||    41
       Short sword       |       |    27 ||    27
  Use: Scroll            |     7 |       ||     7
       Potion            |       |     1 ||     1
  Eat: Ration            |     1 |       ||     1
Armor: Leather armour    |     1 |       ||     1
       Ring mail         |    64 |    51 ||   115
Dodge: Dodged            |   128 |   107 ||   235
